 Dungeon Crawl Stone Soup version 0.31-a0-246-g8cbcc1cb85 (webtiles) character file.

Game seed: 11163615826717746949

257 qw the Shooter (level 5, -6/45 HPs)
             Began as a Minotaur Hexslinger on July 12, 2023.
             Mangled by a troll (10 damage)
             ... on level 5 of the Dungeon.
             The game lasted 00:00:59 (3491 turns).

qw the Shooter (Minotaur Hexslinger)                Turns: 3491, Time: 00:01:00

Health: -6/45      AC:  6    Str: 13    XL:     5   Next: 93%
Magic:  5/5        EV: 11    Int: 10    God:
Gold:   240        SH:  0    Dex: 14    Spells: 5/6 levels left

rFire   . . .        Y - +1 sling
rCold   + . .        (no shield)
rNeg    . . .        f - +0 ring mail
rPois   .            (helmet restricted)
rElec   .            (no cloak)
rCorr   .            j - +0 pair of gloves
SInv    .            (no boots)
Will    .....        (no amulet)
Stlth   +            g - ring of protection from cold
HPRegen 0.27/turn    (no ring)
MPRegen 0.09/turn

%: no passive effects
@: about to teleport
A: horns 2, retaliatory headbutt
a: no special abilities


You were on level 5 of the Dungeon.
You visited 1 branch of the dungeon, and saw 5 of its levels.

You collected 240 gold pieces.


Innate Abilities, Weirdness & Mutations

You have a pair of horns on your head.
You reflexively headbutt those who attack you in melee.


   Skills:
 + Level 3.4 Fighting
 - Level 6.0 Ranged Weapons
 - Level 1.0 Armour
 - Level 2.1 Dodging
 - Level 1.0 Spellcasting
 - Level 2.0 Hexes


You had 5 spell levels left.
You knew the following spells:

 Your Spells              Type           Power      Damage    Failure   Level
a - Slow                  Hex            16%        N/A       32%         1

Your spell library contained the following spells:

 Spells                   Type           Power      Damage    Failure   Level
 Inner Flame              Hex/Fire       2%         N/A       82%         3
 Portal Projectile        Hex/Tloc       4%         N/A       82%         3
 Cause Fear               Hex            2%         N/A       97%         4

Inventory:

Hand Weapons
 Y - a +1 sling (weapon)
Armour
 f - a +0 ring mail (worn)
 j - a +0 pair of gloves (worn)
Jewellery
 c - a ring of resist corrosion
 g - a ring of protection from cold (left hand)
 h - a ring of ice
Scrolls
 a - a scroll of enchant weapon {unknown}
Potions
 b - a potion of curing
 d - a potion of cancellation {unknown}
 i - a potion of berserk rage {unknown}
 n - a potion of lignification {unknown}

Dungeon Overview and Level Annotations

Branches:
Dungeon (5/15)
 Temple: D:4-7

Altars:
Kikubaaqudgha
Vehumet


Message History

You shoot a sling bullet.
The sling bullet hits the howler monkey.
The howler monkey is severely wounded.
The howler monkey closely misses you. You furiously retaliate!
You headbutt the howler monkey!
You kill the howler monkey!
Your Fighting skill increases to level 3!
You start resting.
HP restored.
You see here a howler monkey corpse.
You now have 240 gold pieces (gained 18).
Found a ring mail.
Enter note:
Enter note:
Enter note: A troll comes into view.
The troll shouts!
Enter note:
Enter note:
Enter note: You shoot a sling bullet.
The sling bullet hits the troll but does no damage.
You shoot a sling bullet.
The sling bullet closely misses the troll.
The troll bites you! The troll closely misses you. x2
You shoot a sling bullet.
The sling bullet barely misses the troll.
The troll bites you. The troll misses you. The troll claws you!
You shoot a sling bullet. The sling bullet hits the troll.
The troll is lightly wounded.
The troll bites you! The troll barely misses you. The troll claws you.
3490 ||| READING scroll of teleportation.
As you read the scroll of teleportation, it crumbles to dust.
You feel strangely unstable. The troll bites you but does no damage.
The troll claws you but does no damage. The troll misses you.
You shoot a sling bullet.
The sling bullet closely misses the troll.
The troll bites you. The troll claws you. The troll claws you!
You die...

#..............###+###.#####.....
#......#.#####.#.................
#......#.#####.##########........
#..../....#....##.......##.......
########.......#..###.#..#....)..
#......#.##..#[.#%##...####
#....>##.###.#####.##.## #....##
.##..##.#.###.# #..?.#
#@.##.#.#.##.# #....#
#T##.#######.#
###.######..##.#.#.##.#
#%#<<..##...........#
#.##.##.############# #....#
######


You could see a troll.

Vanquished Creatures
  A black bear (D:5)
  A howler monkey (D:5)
  A statue (D:5)
  4 adders
  2 worms (D:2)
  A dart slug (D:3)
  2 orcs
  3 endoplasms
  2 giant cockroaches
  2 goblins
  10 hobgoblins
  8 jackals
  2 quokkas
  6 ball pythons
  3 bats
  A frilled lizard (D:2)
  3 kobolds
  3 rats
55 creatures vanquished.

Notes
Turn   | Place    | Note
-------+----------+-------------------------------------------
     0 | D:1      | qw the Minotaur Hexslinger began the quest for the Orb.
     0 | D:1      | Reached XP level 1. HP: 16/16 MP: 1/1
     0 | D:1      | 0 ||| qw: Version: 0.3-a-52-g30416fa
     0 | D:1      | 0 ||| qw: Game counter: 6239
     0 | D:1      | 0 ||| qw: Melee chars always use a shield: true
     0 | D:1      | 0 ||| qw: God list: Okawaru
     0 | D:1      | 0 ||| qw: Allow faded altars: false
     0 | D:1      | 0 ||| qw: Do Orc after clearing Dungeon:15 true
     0 | D:1      | 0 ||| qw: Do second Lair branch before Depths: true
     0 | D:1      | 0 ||| qw: Lair rune preference: random
     0 | D:1      | 0 ||| qw: Goals: Normal
     0 | D:1      | 0 ||| PLANNING D:1-11
   215 | D:1      | Reached skill level 3 in Ranged Weapons
   219 | D:1      | Reached XP level 2. HP: 22/23 MP: 2/2
   640 | D:1      | 640 ||| READING scroll labelled PIDAWAHUT.
   641 | D:1      | 641 ||| DRINKING 2 sapphire potions.
   642 | D:1      | 642 ||| DROPPING scroll of poison.
   643 | D:1      | 643 ||| DROPPING potion of invisibility.
  1006 | D:2      | Reached XP level 3. HP: 29/29 MP: 3/3
  1153 | D:2      | Reached skill level 4 in Ranged Weapons
  1562 | D:2      | 1562 ||| FLEEEEING.
  1563 | D:2      | 1563 ||| FLEEEEING.
  1564 | D:2      | 1564 ||| FLEEEEING.
  1565 | D:2      | 1565 ||| FLEEEEING.
  1566 | D:2      | 1566 ||| FLEEEEING.
  1661 | D:2      | 1661 ||| UPGRADING to +0 ring mail.
  1671 | D:2      | 1671 ||| DROPPING +0 robe.
  1672 | D:2      | 1672 ||| UPGRADING to ring of protection from cold.
  1673 | D:2      | 1673 ||| READING scroll labelled SITHEMUPPU.
  1674 | D:2      | 1674 ||| READING scroll labelled BYUSKA QEAWNILL.
  1675 | D:2      | 1675 ||| READING scroll labelled RYLUOGGARHOUSS.
  2246 | D:3      | Reached skill level 1 in Armour
  2268 | D:3      | You fall into a shaft and drop 1 floor!
  2297 | D:4      | Reached XP level 4. HP: 32/36 MP: 4/4
  2379 | D:4      | 2379 ||| UPGRADING to +0 pair of gloves.
  2384 | D:4      | 2384 ||| READING scroll labelled TORGHE GITWI.
  2385 | D:4      | 2385 ||| READING scroll labelled GUTIEG SANISHERU.
  2386 | D:4      | 2386 ||| READING scroll labelled QEIXZY HALAY.
  2387 | D:4      | 2387 ||| DRINKING 2 white potions.
  2388 | D:4      | 2388 ||| DRINKING 2 blue potions.
  2389 | D:4      | 2389 ||| DROPPING potion of brilliance.
  2390 | D:4      | 2390 ||| DROPPING potion of degeneration.
  2395 | D:4      | 2395 ||| FLEEEEING.
  2396 | D:4      | 2396 ||| STAIRDANCE
  3094 | D:4      | Found an ancient bone altar of Kikubaaqudgha.
  3180 | D:4      | 3180 ||| DRINKING 2 fuming ruby potions.
  3213 | D:5      | Entered Level 5 of the Dungeon
  3216 | D:5      | Noticed a black bear
  3230 | D:5      | Killed a black bear
  3231 | D:5      | Reached skill level 6 in Ranged Weapons
  3231 | D:5      | Reached XP level 5. HP: 14/41 MP: 5/5
  3409 | D:5      | Found a radiant altar of Vehumet.
  3409 | D:5      | Noticed a frost-covered statue
  3415 | D:5      | Killed a frost-covered statue
  3470 | D:5      | Reached skill level 3 in Fighting
  3485 | D:5      | Noticed a troll
  3489 | D:5      | HP: 9/45 [troll (4)]
  3490 | D:5      | 3490 ||| READING scroll of teleportation.
  3491 | D:5      | HP: 4/45 [troll (4)]
  3491 | D:5      | Mangled by a troll

Levels and vault maps discovered:
D:1:      dpeg_arrival_connections, layout_loops_ring
D:2:      layout_loops_corners, serial_aquarium, aquarium_bridge_island_small
          [aquarium_subvault_small_water, aquarium_subvault_wall,
          aquarium_subvault_bridge, aquarium_subvault_balcony,
          aquarium_subvault_bridge], aquarium_bridge_straight
          [aquarium_subvault_bridge, aquarium_subvault_wall,
          aquarium_subvault_bridge, aquarium_subvault_wall], aquarium_window_3,
          aquarium_window_1, aquarium_window_fake, aquarium_window_2,
          aquarium_view_2g, aquarium_view_2b, aquarium_balcony_double_3,
          serial_bayou_crossing
D:3:      layout_basic
D:4:      layout_rooms, lemuel_doored_altar, serial_park_tiny_1,
          serial_bayou_pond_d
D:5:      layout_basic, vehumet_statue, mainiacjoe_overflow_alcove_2,
          minmay_temple_entry_trees, minmay_small_thing

Skill      XL: |  1  2  3  4  5 |
---------------+----------------+-----
Ranged Weapons | 3 4 6 |  6.0
Fighting       | 2 3 |  3.4
Armour         | 1 |  1.0
Dodging        | |  2.1
Spellcasting   | |  1.0
Hexes          | |  2.0

Action                     |  1- 3 |  4- 6 || total
---------------------------+-------+-------++-------
   Fire: Sling             |   107 |    68 ||   175
    Use: Scroll            |     4 |     4 ||     8
         Potion            |     1 |     3 ||     4
 Armour: Robe              |     2 |       ||     2
         Ring mail         |     3 |    22 ||    25
  Dodge: Dodged            |    35 |    37 ||    72

Table legend:
 A = Non-vault XP
 B = Vault XP
 C = Vault XP percentage of total XP
 D = Non-vault monster count
 E = Vault monster count
 F = Vault count percentage of total count
                 A         B        C        D         E       F
            +---------+---------+-------+---------+---------+-------
      Total |     279 |      89 |  24.2 |      53 |       2 |   3.6
            +---------+---------+-------+---------+---------+-------
        D:1 |      19 |       0 |   0.0 |      12 |       0 |   0.0
        D:2 |      62 |       0 |   0.0 |      19 |       0 |   0.0
        D:3 |      29 |       0 |   0.0 |       8 |       0 |   0.0
        D:4 |      36 |       0 |   0.0 |      13 |       0 |   0.0
        D:5 |     133 |      89 |  40.1 |       1 |       2 |  66.7
            +---------+---------+-------+---------+---------+-------
